 Dungeon Crawl Stone Soup version 0.24-a0-459-g225fefd530 (webtiles) character file.

Game seed: 11240635462101517213

253 pk666 the Magician (level 5, 0/42 HPs)
             Began as a Deep Elf Wizard on June 28, 2019.
             Succumbed to a worker ant's poison
             ... on level 4 of the Dungeon.
             The game lasted 00:07:59 (3737 turns).

pk666 the Magician (Deep Elf Wizard)                Turns: 3737, Time: 00:08:00

Health: 0/42       AC:  3    Str:  8 (9)  XL:     5   Next: 90%
Magic:  1/15       EV: 13    Int: 22 (24) God:
Gold:   123        SH:  0    Dex: 12 (13) Spells: 6/15 levels left

rFire    . . .     SeeInvis .   c - +0 dagger
rCold    . . .     Gourm    .   (no shield)
rNeg     . . .     Faith    .   a - +0 robe
rPois    .         Spirit   .   b - +0 hat
rElec    .         Reflect  .   (no cloak)
rCorr    .         Harm     .   h - +0 pair of gloves
MR       .....                  (no boots)
Stlth    ..........             (no amulet)
HPRegen  0.14/turn              (no ring)
MPRegen  0.14/turn              (no ring)

@: berserking, lethally poisoned (0 -> -9), very quick
A: no striking features
a: no special abilities


You were on level 4 of the Dungeon.
You were hungry.

You visited 1 branch of the dungeon, and saw 4 of its levels.

You collected 123 gold pieces.

Inventory:

Hand Weapons
 c - a +0 dagger (weapon)
Armour
 a - a +0 robe (worn)
 b - a +0 hat (worn)
 h - a +0 pair of gloves (worn)
Jewellery
 i - an uncursed ring of protection from fire {unknown}
Scrolls
 e - 3 scrolls of amnesia {unknown}
 j - 2 scrolls of magic mapping {unknown}
 l - 2 scrolls of teleportation {unknown}
 n - 2 scrolls of enchant weapon {unknown}
 p - a scroll of identify {unknown}
 q - a scroll of remove curse {unknown}
Potions
 k - a potion of lignification {unknown}
 m - a potion of resistance {unknown}
Comestibles
 d - 6 rations
 o - a chunk of flesh


   Skills:
 - Level 3.1 Dodging
 - Level 2.4 Stealth
 + Level 5.8 Spellcasting
 + Level 2.9 Conjurations
   Level 1.1 Summonings
 + Level 2.4 Translocations
 + Level 1.8 Fire Magic
 + Level 1.7 Air Magic
 + Level 1.9 Poison Magic


You had 6 spell levels left.
You knew the following spells:

 Your Spells              Type           Power        Failure   Level  Hunger
a - Magic Dart            Conj           ###.         2%          1    None
b - Blink                 Tloc           N/A          5%          2    None
c - Conjure Flame         Conj/Fire      ###.....     11%         3    ##.....
d - Mephitic Cloud        Conj/Pois/Air  ###.....     12%         3    ##.....

Your spell library contained the following spells:

 Spells                   Type           Power        Failure   Level  Hunger
 Apportation              Tloc           ###...       3%          1    None
 Summon Small Mammal      Summ           ##..         6%          1    None
 Call Imp                 Summ           ##......     9%          2    None
 Animate Skeleton         Necr           N/A          10%         1    None
 Confusing Touch          Hex            #.....       10%         1    None
 Slow                     Hex            #.......     14%         2    None


Dungeon Overview and Level Annotations

Branches:
Dungeon (4/15)
 Temple: D:4-7

Altars:
Cheibriados
Fedhas
Okawaru


Message History

The worker ant waves its antennae.
The worker ant closely misses you.
It was a potion of berserk rage.
A red film seems to cover your vision as you go berserk!
You feel yourself moving faster!
You feel mighty!
* * * LOW HITPOINT WARNING * * *
You feel sick. The worker ant barely misses you.
You hit the worker ant.
The worker ant is moderately wounded.
The worker ant bites you.
* * * LOW HITPOINT WARNING * * *
You are more poisoned.
The worker ant poisons you!
You hit the worker ant.
The worker ant is heavily wounded.
* * * LOW HITPOINT WARNING * * *
You feel sick.
You puncture the worker ant!
The worker ant is almost dead.
You die...

#....#.......#..............#
#....#..##...#..............+
#....#..##...#..............#
#....#.......#....######....#
####....#.......#....# #....#
........#..###'##....# #....'
....†...##'#.........# #....#
...............a.....# #....#
.........<.....@.....# #....#
.................##### #....#
.................# #....#
........########## #....#
........# #....# ........#
#....# ....... .....


You could see a worker ant.

Vanquished Creatures
  A scorpion (D:4)
  A worker ant (D:3)
  2 gnolls (D:3)
  6 adders
  An ooze (D:1)
  2 worms
  A leopard gecko (D:2)
  11 orcs (D:3)
  A ball python (D:3)
  9 bats
  3 giant cockroaches
  7 goblins
  15 hobgoblins
  4 quokkas
  6 frilled lizards
  9 kobolds
  6 rats
85 creatures vanquished.

Vanquished Creatures (others)
  7 toadstools (D:1)
7 creatures vanquished.

Grand Total: 92 creatures vanquished

Notes
Turn   | Place    | Note
-------+----------+-------------------------------------------
     0 | D:1      | pk666 the Deep Elf Wizard began the quest for the Orb.
     0 | D:1      | Reached XP level 1. HP: 10/10 MP: 7/7
   236 | D:1      | Reached XP level 2. HP: 13/15 MP: 7/9
   700 | D:1      | Reached skill level 5 in Spellcasting
   797 | D:1      | Reached XP level 3. HP: 19/19 MP: 8/11
   801 | D:1      | Learned a level 2 spell: Blink
   805 | D:1      | Learned a level 3 spell: Conjure Flame
   809 | D:1      | Learned a level 3 spell: Mephitic Cloud
  1623 | D:2      | Reached XP level 4. HP: 24/24 MP: 10/13
  1859 | D:2      | Found a snail-covered altar of Cheibriados.
  2188 | D:3      | Reached skill level 1 in Fire Magic
  2188 | D:3      | Reached skill level 1 in Air Magic
  2341 | D:3      | Reached skill level 1 in Poison Magic
  2489 | D:3      | Reached XP level 5. HP: 28/28 MP: 1/14
  2895 | D:3      | Found an iron altar of Okawaru.
  3676 | D:4      | Found a blossoming altar of Fedhas.
  3735 | D:4      | HP: 2/42 [worker ant (3)]
  3737 | D:4      | Succumbed to a worker ant's poison

Levels and vault maps discovered:
D:1:      nagdon_arrival_double_spiral, layout_rooms, minmay_misc_feat_enclosed,
          kennysheep_decorative_pillar
D:2:      layout_loops_ring, cheibriados_altar_1, minmay_misc_feat_hallway
D:3:      layout_rooms, okawaru_trees_2, first_ration, glass_columns_c,
          minmay_misc_feat_tiny, chequers_serial_rivers_micro_b,
          hangedman_decor_riveting, minmay_misc_feat_ornament
D:4:      layout_gridville, old_standard_altar, fedhas_altar_2, serial_shops,
          kennysheep_mini

Skill      XL: |  1  2  3  4 |
---------------+-------------+-----
Dodging        | 3 |  3.1
Conjurations   | 2 |  2.9
Spellcasting   | 5 |  5.8
Fire Magic     | 1 |  1.8
Air Magic      | 1 |  1.7
Poison Magic   | 1 |  1.9
Translocations | 2 |  2.4
Stealth        | |  2.4
Summonings     | |  1.1

Action                   |  1- 3 |  4- 6 || total
-------------------------+-------+-------++-------
Melee: Dagger            |     2 |     9 ||    11
 Cast: Magic Dart        |    98 |   125 ||   223
       Conjure Flame     |       |     5 ||     5
       Mephitic Cloud    |       |     4 ||     4
       Blink             |       |     2 ||     2
  Use: Potion            |       |     2 ||     2
  Eat: Chunk             |     2 |     6 ||     8
Armor: Robe              |       |    11 ||    11
Dodge: Dodged            |     8 |    24 ||    32

Table legend:
 A = Non-vault XP
 B = Vault XP
 C = Vault XP percentage of total XP
 D = Non-vault monster count
 E = Vault monster count
 F = Vault count percentage of total count
                 A         B        C        D         E       F
            +---------+---------+-------+---------+---------+-------
      Total |     362 |       0 |   0.0 |      85 |       0 |   0.0
            +---------+---------+-------+---------+---------+-------
        D:1 |      41 |       0 |   0.0 |      22 |       0 |   0.0
        D:2 |      71 |       0 |   0.0 |      28 |       0 |   0.0
        D:3 |     157 |       0 |   0.0 |      32 |       0 |   0.0
        D:4 |      93 |       0 |   0.0 |       3 |       0 |   0.0
            +---------+---------+-------+---------+---------+-------
